 Dungeon Crawl Stone Soup version 0.20.1-1-g8b1a95d (webtiles) character file.

39553 Inarius the Lord of Darkness (level 13, -2/95 HPs)
             Began as a Demonspawn Necromancer on July 17, 2017.
             Was the Champion of Kikubaaqudgha.
             Slain by an orc warrior
             ... wielding a +0 war axe
              (30 damage)
             ... on level 1 of the Orcish Mines.
             The game lasted 02:02:55 (24241 turns).

Inarius the Lord of Darkness (DsNe)                Turns: 24241, Time: 02:02:57

Health: -2/95      AC: 12    Str: 15    XL:     13   Next: 69%
Magic:  19/26      EV: 15    Int: 24    God:    Kikubaaqudgha [******]
Gold:   974        SH: 16    Dex: 20    Spells: 3/31 levels left

rFire    . . .     SeeInvis .   S - +11 morningstar "Killer Klown's Foe" {flame, rC+ Str+4}
rCold    + + +     Gourm    .   J - +0 shield
rNeg     . . .     Faith    .   E - +0 scale mail
rPois    .         Spirit   .   O - +1 hat {MR+}
rElec    .         Reflect  .   i - +0 cloak
rCorr    .         Harm     .   D - +0 pair of gloves
MR       +....                  b - +0 pair of boots
Stlth    +++.......             (no amulet)
Regen    1.3/turn               B - ring of wizardry
MPRegen  0.2/turn               y - +4 ring of intelligence

@: agile, very slightly contaminated, regenerating
A: claws 2, large bone plates 2, cold resistance 2, nightstalker 1, powered by
pain 3, strong 1
a: Receive Corpses, Torment, Brand Weapon With Pain, Receive Necronomicon,
Renounce Religion


You were on level 1 of the Orcish Mines.
You worshipped Kikubaaqudgha.
Kikubaaqudgha was exalted by your worship.
You were not hungry.

You visited 4 branches of the dungeon, and saw 20 of its levels.
You also visited: Sewer.

You collected 1351 gold pieces.
You spent 377 gold pieces at shops.

Inventory:

Hand Weapons
 S - the +11 morningstar "Killer Klown's Foe" (weapon) {flame, rC+ Str+4}
   (You found it on level 1 of the Lair of Beasts)

   It has been specially enchanted to burn those struck by it, causing extra
   injury to most foes and up to half again as much damage against particularly
   susceptible opponents.
   It affects your strength (+4).
   It protects you from cold.
Armour
 b - a +0 pair of boots (worn)
 i - a +0 cloak (worn)
 C - a +0 chain mail
 D - a +0 pair of gloves (worn)
 E - a +0 scale mail (worn)
 J - a +0 shield (worn)
 O - a +1 hat of magic resistance (worn)
Jewellery
 c - an uncursed ring of magical power
 x - an uncursed ring of positive energy
 y - a +4 ring of intelligence (right hand)
 B - a ring of wizardry (left hand)
 R - an uncursed ring of resist corrosion
 Y - an uncursed ring of flight
Wands
 v - a wand of lightning (5/15)
 H - a wand of polymorph (7/24)
 Q - a wand of disintegration (15/24)
 T - a wand of acid (10/15)
 V - a wand of confusion (25/48)
 X - a wand of random effects (23/48)
Scrolls
 a - a scroll of fear
 d - 5 scrolls of remove curse
 f - a scroll of blinking
 l - 3 scrolls of recharging
 n - 10 scrolls of teleportation
 F - a scroll of enchant weapon
 K - 5 scrolls of immolation
 L - 3 scrolls of amnesia
 W - a scroll of magic mapping
Potions
 e - a potion of magic
 g - 7 potions of agility
 j - a potion of mutation
 o - 6 potions of curing
 q - 6 potions of might
 r - 4 potions of flight
 s - 7 potions of brilliance
 t - 4 potions of cancellation
 w - 6 potions of lignification
 M - a potion of ambrosia {unknown}
 N - a potion of degeneration {unknown}
 P - 2 potions of resistance {unknown}
Books
 A - Kikubaaqudgha's Grimoire of Evil
   (Kikubaaqudgha gifted it to you on level 6 of the Dungeon)

   Spells                             Type                      Level
   a - Animate Skeleton               Necromancy                   1
   b - Corpse Rot                     Necromancy                   2
   c - Sublimation of Blood           Necromancy                   2
   d - Vampiric Draining              Necromancy                   3
   e - Control Undead                 Necromancy                   4
 I - Kikubaaqudgha's Catalogue of Evil
   (Kikubaaqudgha gifted it to you on level 9 of the Dungeon)

   Spells                             Type                      Level
   a - Animate Dead                   Necromancy                   4
   b - Agony                          Necromancy                   5
   c - Cigotuvi's Embrace             Necromancy                   5
   d - Dispel Undead                  Necromancy                   5
   e - Simulacrum                     Ice/Necromancy               6
Miscellaneous
 k - a sack of spiders
 u - a lightning rod (4/4)
 U - a lamp of fire
Comestibles
 h - 7 meat rations
 m - 27 fruits
 p - a chunk of flesh
 z - 12 royal jellies
 G - a bread ration


   Skills:
 + Level 6.8 Fighting
   Level 0.3 Short Blades
 * Level 6.2 Maces & Flails
 + Level 5.7 Armour
 * Level 4.5 Dodging
 - Level 1.7 Stealth
 - Level 4.0 Shields
 - Level 4.5 Unarmed Combat
 + Level 9.9 Spellcasting
 + Level 1.7 Charms
 * Level 16.0 Necromancy
 - Level 6.0 Evocations


You had 3 spell levels left.
You knew the following spells:

 Your Spells              Type           Power        Failure   Level  Hunger
a - Pain                  Necr           ####         1%          1    None
b - Animate Skeleton      Necr           N/A          1%          1    None
c - Vampiric Draining     Necr           ######....   1%          3    None
d - Regeneration          Chrm/Necr      ######....   2%          3    None
e - Animate Dead          Necr           N/A          1%          4    #......
f - Control Undead        Necr           ######....   1%          4    #......
g - Dispel Undead         Necr           ######..     1%          5    ####...
h - Agony                 Necr           ######..     1%          5    ####...
i - Sublimation of Blood  Necr           ######....   1%          2    None


Dungeon Overview and Level Annotations

Branches:
Dungeon (11/15)            Temple (1/1) D:5            Lair (6/6) D:11
  Swamp (0/4) Lair:4       Spider (0/4) Lair:2          Orc (2/2) D:11
    Elf (0/3) Orc:2
  Slime: Lair:5-6

Altars:
Elyvilon
Fedhas
Gozag
Hepliaklqana
Kikubaaqudgha
Makhleb
Nemelex Xobeh
Okawaru
Qazlal
Ru
Sif Muna
Trog
Uskayaw
Yredelemnul
The Shining One
Beogh

Shops:
D:6 [   D:11 ?   Orc:2 ([

Annotations:
D:11 spiff's ghost, journeyman TrHu
Lair:6 exclusion: ice statue


Innate Abilities, Weirdness & Mutations

You have very sharp fingernails.
You are mostly covered in large bone plates. (SH +6)
You are slightly more attuned to the shadows.
You are powered by pain.
Your flesh is very cold resistant. (rC++)
Your muscles are strong. (Str +2)


Message History

Casting: Animate Dead
Confirm with . or Enter, or press ? or * to list all spells.
You miscast Regeneration.
You are very lightly contaminated with residual magic.
Your skin glows momentarily.
Casting: Regeneration
Confirm with . or Enter, or press ? or * to list all spells.
Your skin crawls.
The orc warrior barely misses you.
Casting: Regeneration
Confirm with . or Enter, or press ? or * to list all spells.
Aiming: Vampiric Draining
Press: ? - help, Shift-Dir - straight line, f - orc knight
Aim: an orc knight, wielding a battleaxe and wearing a plate armour (moderately wounded)
The orc knight is moderately wounded.
You feel life coursing into your body. You block the orc knight's attack.
The orc warrior hits you from afar with a glaive!
* * * LOW HITPOINT WARNING * * *
The orc warrior hits you with a war axe!!
You die...
Kikubaaqudgha rasps: "You have failed me!
Welcome... death!"

##...#.....##...................#
###.#...Z..#...........#.........
.#Z.#.Z....#....................#
.Z.......Z.......................
.#..#......................[[....
#####......................))....
#.##......#..............)[><....
..........#......o........[[[..(.
................@oo.Z............
...................>......(......
......................#.....#....
....#.#...............#....(.#.#.
...######..##.#..##..###..#.#####
#### ############## ###### #


You could see an orc knight, 2 orc warriors and a friendly orc warrior zombie.

Vanquished Creatures
  An orc warlord (Orc:2)
  The ghost of Monsterracer the Earth Mage, a journeyman GrEE of Vehumet (D:11)
  The ghost of flestrin the Severer, a journeyman HOBe of Trog (Lair:3)
  Snorg (Lair:4)
  An ice dragon (Lair:2)
  3 hydras
  2 two-headed ogres (D:8)
  Pikel (D:5)
  An orc knight (Orc:1)
  3 cyclopes
  3 black mambas
  A centaur zombie (D:10)
  5 elephants (Lair:4)
  7 spiny frogs
  A rime drake (Lair:5)
  5 komodo dragons
  9 trolls
  4 polar bears
  3 blink frogs (Lair:5)
  3 hippogriffs
  A tarantella (Lair:2)
  27 yaks
  A wraith (D:10)
  2 basilisks
  A wyvern (Lair:5)
  Eustachio (D:5)
  3 hungry ghosts (D:9)
  3 wargs (D:11)
  A soldier ant (D:8)
  2 swamp worms (Lair:4)
  15 water moccasins
  4 porcupines
  8 orc warriors
  2 sky beasts (D:8)
  9 ice beasts
  A phantom (D:7)
  5 wolves (Lair:3)
  A centaur (D:8)
  8 ogres
  7 crocodiles
  A big kobold (D:8)
  A gnoll sergeant (D:9)
  A wyvern zombie (D:10)
  12 bullfrogs
  8 killer bees
  2 scorpions
  A vampire bat (D:3)
  3 howler monkeys
  4 electric eels
  A crimson imp (D:8)
  A bullfrog zombie (D:10)
  A quasit (D:7)
  4 jellies
  Crazy Yiuf (D:5)
  2 bullfrog skeletons (D:11)
  A hound (D:8)
  7 orc priests
  5 iguanas
  8 orc wizards
  10 worker ants
  A hound skeleton (D:6)
  A howler monkey skeleton (D:9)
  A howler monkey zombie (D:7)
  12 gnolls
  14 adders
  6 river rats (Sewer)
  3 shadow imps
  2 white imps
  An ooze (Sewer)
  2 adder skeletons
  An adder zombie (D:9)
  2 worms (D:3)
  3 dart slugs
  3 fire bats (D:3)
  10 leopard geckos
  31 orcs
  2 spectral bats (D:3)
  2 bat skeletons (D:3)
  A bat zombie (D:3)
  5 giant cockroaches
  7 goblins
  4 hobgoblins
  5 quokkas
  5 ball pythons
  16 bats
  A bat simulacrum (D:3)
  7 frilled lizards
  25 kobolds
  24 rats
429 creatures vanquished.

Vanquished Creatures (collateral kills)
  An orc high priest (Orc:1)
  An orc sorcerer (Orc:1)
  A cyclops (D:11)
  The ghost of Lorindel the Magician, a novice DrWz of Sif Muna (D:5)
  2 spiny frogs
  A rime drake (Lair:5)
  2 komodo dragons
  2 hippogriffs
  15 yaks
  A wyvern (Lair:5)
  2 wargs (D:11)
  A swamp worm (Lair:4)
  A soldier ant (D:8)
  7 water moccasins
  2 porcupines
  6 orc warriors
  An ogre (D:5)
  2 wolves (Lair:3)
  A crocodile (Lair:1)
  3 bullfrogs
  A scorpion (D:10)
  3 killer bees (D:10)
  3 howler monkeys
  An electric eel (Lair:4)
  A crimson imp (D:11)
  A quasit (D:11)
  2 jellies
  An orc priest (D:6)
  An orc wizard (Orc:1)
  3 adders
  A river rat (Sewer)
  2 adder skeletons
  13 orcs
  A bat skeleton (D:3)
  A hobgoblin (D:1)
  6 kobolds
  A rat (Sewer)
  A fungus (Lair:6)
  A plant (Lair:4)
97 creatures vanquished.

Vanquished Creatures (others)
  A slave (D:5)
  A crimson imp (D:5)
  A worker ant (D:5)
  An adder (D:5)
  A shadow imp (D:5)
  A leopard gecko (D:5)
  An orc (D:5)
  2 ball pythons (D:5)
  7 fungi
  7 plants
23 creatures vanquished.

Grand Total: 549 creatures vanquished

Notes
Turn   | Place    | Note
-------+----------+-------------------------------------------
     0 | D:1      | Inarius the Demonspawn Necromancer began the quest for the Orb.
     0 | D:1      | Reached XP level 1. HP: 13/13 MP: 3/3
    18 | D:1      | Learned a level 1 spell: Animate Skeleton
   397 | D:1      | Gained mutation: You are slightly more attuned to the shadows. [demonic ancestry]
   397 | D:1      | Reached XP level 2. HP: 18/20 MP: 1/5
   854 | D:1      | Reached skill level 1 in Fighting
  1427 | D:2      | You fall through a shaft!
  1436 | D:3      | Reached skill level 5 in Necromancy
  1436 | D:3      | Gained mutation: You have sharp fingernails. [demonic ancestry]
  1436 | D:3      | Reached XP level 3. HP: 15/26 MP: 0/6
  1525 | D:3      | Learned a level 3 spell: Vampiric Draining
  1850 | D:3      | Reached skill level 1 in Armour
  1850 | D:3      | Reached XP level 4. HP: 15/33 MP: 0/8
  2571 | D:2      | Learned a level 3 spell: Regeneration
  2726 | D:2      | Found an opulent altar of Gozag.
  2890 | D:3      | Gained mutation: You are partially covered in large bone plates. (SH +4) [demonic ancestry]
  2890 | D:3      | Reached XP level 5. HP: 34/38 MP: 3/9
  4064 | D:4      | Noticed an ogre
  4734 | D:4      | Gained mutation: You have very sharp fingernails. [demonic ancestry]
  4734 | D:4      | Reached XP level 6. HP: 35/46 MP: 5/10
  4854 | D:3      | Reached skill level 6 in Necromancy
  5274 | D:4      | Found a burning altar of Makhleb.
  5432 | D:5      | Entered Level 5 of the Dungeon
  5471 | D:5      | Noticed a slave
  5471 | D:5      | Noticed a slave
  5472 | D:5      | Noticed a slave
  5474 | D:5      | Noticed Pikel
  5475 | D:5      | Noticed a slave
  5513 | D:5      | Killed Pikel
  5513 | D:5      | Reached skill level 7 in Necromancy
  5513 | D:5      | Gained mutation: You sometimes gain a little power by taking damage. [demonic ancestry]
  5513 | D:5      | Reached XP level 7. HP: 19/52 MP: 1/13
  5654 | D:5      | Found a glowing drain.
  5667 | Sewer    | Entered a sewer
  6118 | Sewer    | Gained mutation: You sometimes gain power by taking damage. [demonic ancestry]
  6118 | Sewer    | Reached XP level 8. HP: 51/58 MP: 7/14
  6337 | Sewer    | Reached skill level 8 in Necromancy
  6517 | D:5      | Found a stormy altar of Qazlal.
  6639 | D:5      | Found a staircase to the Ecumenical Temple.
  6658 | Temple   | Entered the Ecumenical Temple
  6683 | Temple   | Became a worshipper of Kikubaaqudgha
  6770 | D:5      | Found a white marble altar of Elyvilon.
  6793 | D:5      | Noticed Eustachio
  6816 | D:5      | Killed Eustachio
  6962 | D:5      | Noticed Lorindel's ghost (novice DrWz)
  6975 | D:5      | Killed Lorindel's ghost
  7084 | D:5      | Found a runed door.
  7241 | D:5      | Noticed Crazy Yiuf
  7250 | D:5      | Killed Crazy Yiuf
  7415 | D:6      | Reached skill level 9 in Necromancy
  7863 | D:5      | Learned a level 4 spell: Animate Dead
  7896 | D:6      | Reached skill level 1 in Unarmed Combat
  7962 | D:5      | Reached skill level 5 in Spellcasting
  8130 | D:6      | Reached * piety under Kikubaaqudgha
  8130 | D:6      | Identified Kikubaaqudgha's Grimoire of Evil (Kikubaaqudgha gifted it to you on level 6 of the Dungeon)
  8130 | D:6      | Received a gift from Kikubaaqudgha
  8143 | D:6      | Gained mutation: You are powered by pain. [demonic ancestry]
  8143 | D:6      | Reached XP level 9. HP: 42/66 MP: 8/16
  8255 | D:6      | Learned a level 4 spell: Control Undead
  8328 | D:6      | Found Viesilli's Antique Armour Boutique.
  8332 | D:6      | Bought a heavy robe for 148 gold pieces
  8332 | D:6      | Bought a pair of gloves for 117 gold pieces
  8342 | D:6      | Identified the +1 robe of the Boiling Point {Regen+} (You bought it in a shop on level 6 of the Dungeon)
  9881 | D:7      | Found a sparkling altar of Nemelex Xobeh.
 10281 | D:8      | Reached skill level 10 in Necromancy
 10304 | D:8      | Reached skill level 5 in Fighting
 10307 | D:8      | Gained mutation: Your flesh is cold resistant. (rC+) [mutagenic meat]
 10308 | D:8      | Gained mutation: Your flesh is very cold resistant. (rC++) [mutagenic meat]
 10309 | D:8      | Gained mutation: Your muscles are strong. (Str +2) [mutagenic meat]
 10485 | D:8      | Noticed a two-headed ogre
 10496 | D:8      | Killed a two-headed ogre
 10895 | D:8      | Found an iron altar of Okawaru.
 11197 | D:7      | Reached XP level 10. HP: 40/74 MP: 9/19
 11359 | D:8      | Reached ** piety under Kikubaaqudgha
 11576 | D:8      | Noticed a two-headed ogre
 11595 | D:8      | Killed a two-headed ogre
 11595 | D:8      | Reached skill level 11 in Necromancy
 11797 | D:8      | Found a deep blue altar of Sif Muna.
 12821 | D:8      | Reached skill level 1 in Shields
 13119 | D:9      | Reached *** piety under Kikubaaqudgha
 13119 | D:9      | Identified Kikubaaqudgha's Catalogue of Evil (Kikubaaqudgha gifted it to you on level 9 of the Dungeon)
 13119 | D:9      | Received a gift from Kikubaaqudgha
 13242 | D:9      | Learned a level 5 spell: Dispel Undead
 13274 | D:9      | Found a hazy altar of Hepliaklqana.
 13419 | D:9      | Reached skill level 12 in Necromancy
 13472 | D:10     | Entered Level 10 of the Dungeon
 14733 | D:10     | Reached skill level 1 in Charms
 14821 | D:10     | Found a sparkling altar of Nemelex Xobeh.
 14879 | D:10     | Reached skill level 1 in Evocations
 15000 | D:10     | Reached XP level 11. HP: 65/81 MP: 17/22
 15972 | D:11     | Noticed Monsterracer's ghost (journeyman GrEE)
 16212 | D:11     | Killed Monsterracer's ghost
 16220 | D:11     | Learned a level 5 spell: Agony
 16345 | D:11     | Reached skill level 13 in Necromancy
 16430 | D:11     | Reached **** piety under Kikubaaqudgha
 16448 | D:11     | Noticed spiff's ghost (journeyman TrHu)
 16727 | D:11     | Found Kohack's Magic Scroll Shoppe.
 16730 | D:11     | Bought a scroll of enchant armour for 112 gold pieces
 17030 | D:11     | Found a staircase to the Orcish Mines.
 17052 | D:11     | Found a staircase to the Lair.
 17111 | Lair:1   | Entered Level 1 of the Lair of Beasts
 17964 | Lair:1   | Got a transparent plate armour
 17970 | Lair:1   | Got an ichor-stained morningstar
 18177 | Lair:1   | Reached skill level 14 in Necromancy
 18202 | Lair:1   | Identified the +11 morningstar "Killer Klown's Foe" {flame, rC+ Str+4} (You found it on level 1 of the Lair of Beasts)
 18213 | Lair:1   | Identified the +4 plate armour of Awkaorphusie {rC+ rN+ Dex-4} (You found it on level 1 of the Lair of Beasts)
 18352 | Lair:1   | Gained mutation: You are mostly covered in large bone plates. (SH +6) [demonic ancestry]
 18352 | Lair:1   | Reached XP level 12. HP: 50/88 MP: 2/24
 18845 | Lair:2   | Noticed a four-headed hydra
 18850 | Lair:2   | Killed a four-headed hydra
 18850 | Lair:2   | Reached skill level 5 in Armour
 18888 | Lair:2   | Found a hole to the Spider Nest.
 19018 | Lair:2   | Reached skill level 1 in Maces & Flails
 19112 | Lair:2   | Noticed an ice dragon
 19120 | Lair:2   | Killed an ice dragon
 19462 | Lair:2   | Noticed a five-headed hydra
 19467 | Lair:2   | Killed a five-headed hydra
 20272 | Lair:3   | Reached ***** piety under Kikubaaqudgha
 20355 | Lair:3   | Noticed flestrin's ghost (journeyman HOBe)
 20359 | Lair:3   | Killed flestrin's ghost
 20392 | Lair:3   | Reached skill level 5 in Evocations
 20955 | Lair:4   | Reached skill level 15 in Necromancy
 21252 | Lair:4   | Found a staircase to the Swamp.
 21416 | Lair:4   | Reached XP level 13. HP: 90/94 MP: 24/26
 21907 | Lair:4   | Noticed Snorg
 21914 | Lair:4   | Killed Snorg
 22898 | Lair:6   | Entered Level 6 of the Lair of Beasts
 23016 | Lair:5   | Reached skill level 5 in Maces & Flails
 23326 | Lair:6   | HP: 3/95 [spiny frog (6)]
 23538 | Orc:1    | Entered Level 1 of the Orcish Mines
 23795 | Orc:1    | Reached ****** piety under Kikubaaqudgha
 23799 | Orc:1    | Learned a level 2 spell: Sublimation of Blood
 23828 | Orc:1    | Found a roughly hewn altar of Beogh.
 23993 | Orc:2    | Entered Level 2 of the Orcish Mines
 23993 | Orc:2    | Found a staircase to the Elven Halls.
 23998 | Orc:2    | Noticed an orc warlord
 24185 | Orc:2    | Found Guecwu's Antique Weapon Boutique.
 24191 | Orc:2    | Killed an orc warlord
 24191 | Orc:2    | Reached skill level 16 in Necromancy
 24199 | Orc:2    | Found Pasoent's Antique Armour Shoppe.
 24241 | Orc:1    | Slain by an orc warrior

Skill      XL: |  1  2  3  4  5  6  7  8  9 10 11 12 13 |
---------------+----------------------------------------+-----
Fighting       | 1 2 3 4 5 6 |  6.8
Necromancy     | 5 7 9 10 12 14 15 16 | 16.0
Armour         | 1 3 4 5 |  5.7
Spellcasting   | 3 4 5 6 7 8 9 |  9.9
Dodging        | 2 3 4 |  4.5
Unarmed Combat | 1 2 3 4 |  4.5
Shields        | 2 4 |  4.0
Charms         | 1 |  1.7
Evocations     | 1 4 5 6 |  6.0
Maces & Flails | 4 6 |  6.2
Short Blades   | |  0.3
Stealth        | |  1.7

Action                   |  1- 3 |  4- 6 |  7- 9 | 10-12 | 13-15 || total
-------------------------+-------+-------+-------+-------+-------++-------
Melee: Short sword       |    42 |   103 |    18 |    26 |       ||   189
       Unarmed           |       |    44 |   583 |   682 |       ||  1309
       Punch             |       |       |     2 |     3 |       ||     5
       Morningstar       |       |       |       |   157 |   203 ||   360
 Cast: Pain              |    47 |    71 |   157 |   109 |    15 ||   399
       Animate Skeleton  |    13 |    12 |    29 |    45 |    14 ||   113
       Vampiric Draining |       |    10 |    42 |   122 |    26 ||   200
       Regeneration      |       |     1 |    16 |    43 |    16 ||    76
       Animate Dead      |       |       |     6 |    32 |    17 ||    55
       Control Undead    |       |       |     6 |    10 |       ||    16
       Dispel Undead     |       |       |       |    15 |       ||    15
       Agony             |       |       |       |    51 |    30 ||    81
Invok: Receive Corpses   |       |       |       |     1 |       ||     1
Evoke: Wand              |       |       |       |     2 |       ||     2
  Use: Scroll            |       |    10 |     2 |    12 |     6 ||    30
       Potion            |       |     2 |     4 |     2 |     7 ||    15
 Stab: Sleeping          |     2 |     3 |     3 |     2 |       ||    10
       Distracted        |     1 |     1 |     1 |     3 |     1 ||     7
  Eat: Chunk             |     2 |     6 |    16 |    37 |    11 ||    72
       Bread ration      |     1 |     1 |     3 |     5 |     1 ||    11
       Fruit             |       |       |       |     4 |       ||     4
Armor: Robe              |     2 |       |       |       |       ||     2
       Ring mail         |    49 |    69 |    95 |       |       ||   213
       Skin              |       |     2 |       |       |       ||     2
       Scale mail        |       |       |   184 |   391 |    94 ||   669
Dodge: Dodged            |    45 |   105 |   278 |   292 |   118 ||   838
Block: Other             |       |    17 |   114 |    40 |       ||   171
       Shield            |       |       |       |   555 |   257 ||   812
